AoeStats
← 白鹿城拉车车

QS Arena

503348810Analyzed
4v4 RM · 1mo ago on Aug 31, 2026· 42m 34s· 8 players
Game mode
Random Map
Map size
Large (8 player)
Population
200
Speed
Normal
Resources
Standard
Victory
Conquest
Starting age
Dark Age
Ending age
Imperial Age
RankedLock teamsTeams togetherTeam positionsShared explorationLock speedFull tech treeHidden civsTurbo modeCheats
Victory
Defeat
🇨🇳 Mapuche · China
1308
+11
🇫🇷 Goths · France
1268
+13
🇨🇳 Franks · China
1249
+13
🇨🇳 Mongols · China
1178
+17
🇹🇼 Poles · Taiwan
1244
-16
🇹🇷 Persians · Türkiye
1210
-14
🇨🇳 Spanish · China
1190
-13
🇹🇼 Slavs · Taiwan
1126
-11
ssseeing
9:02 Feudal Age
10:00 Double-Bit Axe
12:53 Castle Age
12:51 Horse Collar
14:15 Bow Saw
22:12 Wheelbarrow
23:45 Loom
26:30 Imperial Age
25:07 Gold Mining
26:38 Elite Conquistador
28:54 Padded Archer Armor
29:20 Guilds
30:26 Conscription
31:02 Bloodlines
30:53 Husbandry
32:19 Leather Archer Armor
32:29 Heavy Plow
33:44 Ring Archer Armor
emre_gul19
6:09 Feudal Age
7:23 Wheelbarrow
6:35 Double-Bit Axe
6:38 Loom
14:19 Castle Age
12:42 Horse Collar
13:17 Stone Mining
15:08 Bow Saw
15:00 Heavy Plow
17:32 Gold Mining
18:51 Fletching
21:55 Hand Cart
25:48 Scale Barding Armor
25:56 Town Watch
27:13 Gold Shaft Mining
28:08 Forging
27:59 Padded Archer Armor
28:21 Husbandry
32:33 Imperial Age
32:27 Iron Casting
33:42 Leather Archer Armor
33:44 Thumb Ring
35:52 Two-Man Saw
35:23 Chain Barding Armor
35:00 Bodkin Arrow
35:57 Crossbowman
37:17 Crop Rotation
37:39 Conscription
37:27 Kamandaran
39:07 Chemistry
39:36 Ballistics
40:41 Ring Archer Armor
40:47 Plate Barding Armor
40:41 Bloodlines
Guojiel
8:50 Feudal Age
14:13 Castle Age
12:17 Double-Bit Axe
12:48 Horse Collar
15:46 Heavy Plow
20:08 Loom
20:08 Town Watch
21:04 Wheelbarrow
23:25 Hand Cart
23:13 Gold Mining
23:15 Stone Mining
27:49 Imperial Age
26:51 Stone Shaft Mining
27:13 Forging
27:08 Scale Barding Armor
26:47 Treadmill Crane
27:19 Fortified Wall
26:57 Town Watch
27:35 Husbandry
27:52 Light Cavalry
28:43 Bloodlines
28:41 Szlachta Privileges
29:28 Conscription
28:52 Winged Hussar
28:53 Cavalier
30:27 Crop Rotation
30:09 Bow Saw
30:02 Town Patrol
31:28 Iron Casting
31:13 Chain Barding Armor
30:54 Fletching
31:27 Ballistics
31:03 Murder Holes
32:09 Chemistry
33:39 Town Patrol
34:55 Lechitic Legacy
36:35 Blast Furnace
35:31 Bodkin Arrow
42:28 Bracer
42:39 Masonry
ms0268062
7:46 Feudal Age
13:58 Castle Age
12:59 Double-Bit Axe
12:59 Horse Collar
17:17 Bow Saw
19:07 Stone Mining
23:43 Man-at-Arms
24:52 Loom
莫挨老子
8:54 Feudal Age
13:59 Castle Age
14:05 Castle Age
12:13 Double-Bit Axe
13:38 Gold Mining
21:41 Wheelbarrow
25:06 Hand Cart
30:12 Imperial Age
28:26 Gold Shaft Mining
28:40 Bow Saw
28:44 Forging
28:47 Husbandry
29:19 Scale Barding Armor
30:14 Iron Casting
30:07 Stone Mining
30:29 Town Watch
30:22 Cavalier
31:32 Chain Barding Armor
31:39 Conscription
32:37 Blast Furnace
33:58 Cavalier
35:31 Plate Barding Armor
35:17 Devotion
35:22 Paladin
36:50 Scale Mail Armor
36:12 Pikeman
37:08 Squires
37:46 Halberdier
38:22 Light Cavalry
40:13 Chain Mail Armor
39:49 Fletching
39:40 Light Cavalry
白鹿城拉车车
7:50 Feudal Age
8:48 Double-Bit Axe
11:29 Castle Age
9:56 Horse Collar
12:36 Bow Saw
15:40 Wheelbarrow
18:37 Loom
20:15 Heavy Plow
20:06 Gold Mining
21:31 Fletching
21:42 Padded Archer Armor
21:28 Elite Skirmisher
22:48 Bodkin Arrow
23:40 Leather Archer Armor
26:31 Imperial Age
25:29 Gold Shaft Mining
25:38 Ballistics
25:49 Malon
28:17 Chemistry
26:58 Treadmill Crane
27:57 Conscription
27:36 Elite Bolas Rider
28:12 Arrowslits
29:47 Butalmapu
30:15 Ring Archer Armor
30:42 Forging
30:32 Scale Mail Armor
31:20 Coinage
30:25 Elite Kona
31:41 Hoardings
31:20 Stone Mining
32:01 Crop Rotation
31:48 Siege Engineers
32:26 Town Watch
32:57 Hand Cart
33:01 Chain Mail Armor
33:22 Iron Casting
35:27 Masonry
35:12 Murder Holes
36:59 Blast Furnace
36:31 Plate Mail Armor
38:31 Architecture
41:49 Town Patrol
云雾之森
1:32 Loom
1:55 Loom
9:29 Feudal Age
14:06 Castle Age
12:23 Double-Bit Axe
12:44 Fletching
12:45 Horse Collar
13:03 Gold Mining
15:11 Bow Saw
17:14 Fletching
30:11 Heavy Plow
32:51 Wheelbarrow
37:05 Imperial Age
35:31 Forging
37:51 Fortified Wall
38:19 Conscription
40:28 Hand Cart
STABYLO
8:11 Feudal Age
9:18 Double-Bit Axe
12:05 Castle Age
10:31 Horse Collar
13:05 Bow Saw
16:35 Heavy Plow
17:04 Town Watch
18:00 Fletching
19:11 Bodkin Arrow
21:53 Scale Barding Armor
21:50 Scale Mail Armor
22:26 Loom
23:47 Chain Mail Armor
26:50 Wheelbarrow
27:58 Gold Mining
31:42 Imperial Age
29:30 Squires
30:05 Forging
31:30 Iron Casting
31:52 Hand Cart
32:12 Stone Mining
31:45 Elite Huskarl
32:27 Anarchy
32:49 Conscription
31:52 Elite Huskarl
34:08 Blast Furnace
34:05 Pikeman
36:31 Perfusion
38:36 Two-Man Saw
38:03 Halberdier
Connection lost

Rejoining the realm…

Still unreachable

The connection could not be restored.

Session expired

The server has moved on; the page needs a fresh start.